 Dungeon Crawl Stone Soup version 0.19.1 (webtiles) character file.

758 Drake the Slasher (level 7, -7/55 HPs)
             Began as a Demonspawn Gladiator on May 22, 2017.
             Mangled by Menkaure (10 damage)
             ... on level 5 of the Dungeon.
             The game lasted 00:21:06 (4019 turns).

Drake the Slasher (Demonspawn Gladiator)            Turns: 4019, Time: 00:21:07

Health: -7/55      AC:  9    Str: 15 (17) XL:     7   Next: 50%
Magic:  0/7        EV: 11    Int: 13 (14) God:
Gold:   216        SH:  0    Dex: 11 (14) Spells: 0 memorised, 6 levels left

rFire  . . .     SeeInvis .     a - +0 long sword
rCold  . . .     Gourm    .     k - +0 scale mail
rNeg   . . .     Faith    .     (no shield)
rPois  +         Spirit   +     c - +0 helmet
rElec  .         Reflect  .     (no cloak)
rCorr  .         Harm     .     (no gloves)
MR     .....                    (no boots)
Stlth  +.........               h - amulet of regeneration
                                t - +2 ring of protection
                                m - ring of poison resistance

@: brilliant
A: talons 2, nightstalker 1, magic shield, magic regeneration
a: no special abilities


You were on level 5 of the Dungeon.
You were not hungry.

You visited 1 branch of the dungeon, and saw 5 of its levels.

You collected 216 gold pieces.

Inventory:

Hand Weapons
 a - a +0 long sword (weapon)
 A - a +0 shortbow
Missiles
 d - 3 throwing nets (quivered)
 o - 38 arrows
Armour
 c - a +0 helmet (worn)
 k - a +0 scale mail (worn)
Jewellery
 b - an uncursed ring of stealth
 h - an amulet of regeneration (around neck)
 m - a ring of poison resistance (left hand)
 t - a +2 ring of protection (right hand)
 u - an uncursed ring of protection from magic
Scrolls
 i - 2 scrolls of immolation
 q - 2 scrolls of recharging
 s - 2 scrolls of noise {unknown}
 w - a scroll of fog {unknown}
 x - a scroll of identify
 y - 2 scrolls of random uselessness {unknown}
 B - a scroll of enchant armour {unknown}
 C - a scroll of enchant weapon {unknown}
Comestibles
 g - a slice of pizza
 j - 3 beef jerkies
 n - 2 fruits
 p - a meat ration
 z - a bread ration


   Skills:
 + Level 4.5 Fighting
 * Level 6.0 Long Blades
 - Level 1.7 Throwing
 + Level 4.7 Dodging


You had 6 spell levels left.
You didn't know any spells.

Dungeon Overview and Level Annotations

Branches:
Dungeon (5/15)
 Temple: D:4-7

Altars:
Cheibriados
Kikubaaqudgha
Nemelex Xobeh
Yredelemnul

Annotations:
D:5 Menkaure, Prince Ribbit


Innate Abilities, Weirdness & Mutations

You have razor-sharp toenails.
You are slightly more attuned to the shadows.
When hurt, damage is shared between your health and your magic reserves.
You regenerate magic rapidly.


Message History

Menkaure mumbles some strange words.
It was a potion of heal wounds.
You feel much better. Menkaure hits you.
Your scale mail prevents you from hitting Menkaure.
Your kick misses Menkaure.
Menkaure is severely damaged.
Menkaure completely misses you.
You riposte.
You hit Menkaure but do no damage. You claw Menkaure, but do no damage.
Menkaure is severely damaged.
You hit Menkaure but do no damage. Your kick misses Menkaure.
Menkaure is severely damaged.
Menkaure hits you!
* * * LOW HITPOINT WARNING * * *
Menkaure points at you and mumbles some strange words.
Pain shoots through your body!
* * * LOW HITPOINT WARNING * * *
It was a potion of degeneration.
There was something very wrong with that liquid.
You feel weakened.
You feel dopey.
You feel clumsy. Menkaure hits you!
You die...

#.# .. ..#
#.###############.#
.M#.cM@.........#.# #
#.#(###########.#.# #
#.#.# ###### #....# #
#.#M# #....# #....# #
#.(.###....###....### #
......c.P.........#.....#
#
#....♣≈≈≈P.....##.#.....#
#
....P≈≈≈♣≈P....##.#.....#
#
..###≈.≈≈≈≈....##.#.....#
#


You could see Menkaure and a centaur.

Vanquished Creatures
  A phantom (D:5)
  2 ogres (D:4)
  A centaur (D:5)
  A big kobold (D:4)
  2 bullfrogs
  2 orc wizards
  An iguana (D:5)
  A worker ant (D:4)
  2 adders
  2 dart slugs (D:1)
  2 worms (D:2)
  3 leopard geckos
  4 orcs (D:4)
  5 giant cockroaches
  3 goblins
  6 hobgoblins
  28 kobolds
  A quokka (D:2)
  2 ball pythons
  7 bats
  6 frilled lizards
  6 rats
88 creatures vanquished.

Vanquished Creatures (others)
  A plant (D:4)
1 creature vanquished.

Grand Total: 89 creatures vanquished

Notes
Turn   | Place    | Note
-------+----------+-------------------------------------------
     0 | D:1      | Drake the Demonspawn Gladiator began the quest for the Orb.
     0 | D:1      | Reached XP level 1. HP: 16/16 MP: 1/1
   363 | D:1      | Reached skill level 3 in Long Blades
   363 | D:1      | Gained mutation: When hurt, damage is shared between your health and your magic reserves. [demonic ancestry]
   363 | D:1      | Reached XP level 2. HP: 15/22 MP: 2/2
   542 | D:1      | Found a sparkling altar of Nemelex Xobeh.
  1083 | D:2      | Found a snail-covered altar of Cheibriados.
  1090 | D:2      | Gained mutation: You are slightly more attuned to the shadows. [demonic ancestry]
  1090 | D:2      | Reached XP level 3. HP: 28/28 MP: 3/3
  1271 | D:2      | Found an ancient bone altar of Kikubaaqudgha.
  2166 | D:3      | Gained mutation: You regenerate magic rapidly. [demonic ancestry]
  2166 | D:3      | Reached XP level 4. HP: 34/34 MP: 4/4
  2473 | D:4      | Reached skill level 4 in Long Blades
  2473 | D:4      | Gained mutation: You have sharp toenails. [demonic ancestry]
  2473 | D:4      | Reached XP level 5. HP: 36/41 MP: 5/5
  2569 | D:4      | Noticed an ogre
  2580 | D:4      | Killed an ogre
  2608 | D:4      | Found a basalt altar of Yredelemnul.
  2738 | D:4      | Gained mutation: You have razor-sharp toenails. [demonic ancestry]
  2738 | D:4      | Reached XP level 6. HP: 42/47 MP: 4/6
  3126 | D:4      | Reached skill level 5 in Long Blades
  3439 | D:5      | Entered Level 5 of the Dungeon
  3618 | D:5      | Reached XP level 7. HP: 41/54 MP: 5/7
  3674 | D:5      | Noticed Prince Ribbit
  3920 | D:5      | Reached skill level 6 in Long Blades
  3998 | D:5      | Noticed Menkaure
  4019 | D:5      | Mangled by Menkaure

Skill      XL: |  1  2  3  4  5  6  7 |
---------------+----------------------+-----
Long Blades    | 3 4 5 6 |  6.0
Dodging        | 3 4 |  4.7
Fighting       | 3 4 |  4.5
Throwing       | |  1.7

Action                   |  1- 3 |  4- 6 |  7- 9 || total
-------------------------+-------+-------+-------++-------
Melee: Long sword        |   135 |   121 |    47 ||   303
       Kick              |       |    31 |    17 ||    48
  Use: Scroll            |     7 |     4 |       ||    11
       Potion            |       |       |     6 ||     6
  Eat: Bread ration      |     1 |     1 |       ||     2
       Pizza             |       |     1 |       ||     1
Armor: Leather armour    |     3 |       |       ||     3
       Scale mail        |    63 |    52 |    11 ||   126
Dodge: Dodged            |    76 |    66 |    23 ||   165
       Rpst.: Long sword |    21 |    21 |    11 ||    53
